 Dungeon Crawl Stone Soup version 0.31-a0-1589-g8f5e8aebd6 (webtiles) character file.

Game seed: 547713291161830476

6771 Flugslaktarn the Toxicologist (level 11, -11/72 HPs)
             Began as an Octopode Alchemist on Jan 6, 2024.
             Was a Priest of Sif Muna.
             Mangled by an ogre
             ... wielding a +0 giant club
              (14 damage)
             ... on level 1 of the Orcish Mines.
             The game lasted 00:13:37 (4390 turns).

Flugslaktarn the Toxicologist (Octopode Alchemist)  Turns: 4390, Time: 00:13:37

Health: -11/72     AC:  1    Str:  8    XL:     11   Next: 4%
Magic:  14/32      EV: 13    Int: 23    God:    Sif Muna [***...]
Gold:   456        SH:  0    Dex: 17    Spells: 11/26 levels left

rFire   + . .        w - +1 whip of Poiteizi {freeze, rElec Will++ Int+2 Dex+4}
rCold   . . .        (no shield)
rNeg    . . .        (helmet restricted)
rPois   +            (no amulet)
rElec   +            g - ring of magical power
rCorr   .            f - ring of protection from fire
SInv    .            m - ring of willpower
Will    +++..        o - ring of poison resistance
Stlth   +++          (no ring)
HPRegen 0.32/turn    (no ring)
MPRegen 0.23/turn    (no ring)
                     (no ring)

%: no passive effects
@: about to teleport, spewing sludge
A: almost no armour, amphibious, 8 rings, camouflage 1, gelatinous body 1,
(nimble swimmer 1), tentacles
a: Renounce Religion, Channel Magic, Forget Spell


You were on level 1 of the Orcish Mines.
You worshipped Sif Muna.
Sif Muna was most pleased with you.
You visited 3 branches of the dungeon, and saw 11 of its levels.

You collected 456 gold pieces.

Inventory:

Hand Weapons
 c - a +1 dagger of venom
   (You took it off a goblin on level 1 of the Dungeon)
 d - a +2 dagger of freezing
   (You took it off a goblin on level 1 of the Dungeon)
 k - a +2 dagger of speed
   (You took it off an orc on level 5 of the Dungeon)
 l - a +1 short sword of distortion
   (You found it on level 5 of the Dungeon)
 w - the +1 whip of Poiteizi (weapon) {freeze, rElec Will++ Int+2 Dex+4}
   (You found it on level 5 of the Dungeon)

   Int+2:     It affects your intelligence (+2).
   Dex+4:     It affects your dexterity (+4).
   rElec:     It insulates you from electricity.
   Will++:    It greatly increases your willpower.
Magical Staves
 v - a staff of cold
   (You found it on level 9 of the Dungeon)
Jewellery
 f - a ring of protection from fire (right tentacle)
   (You took it off an orc on level 8 of the Dungeon)
 g - a ring of magical power (left tentacle)
   (You found it on level 4 of the Dungeon)
 m - a ring of willpower (on tentacle)
   (You found it on level 9 of the Dungeon)
 o - a ring of poison resistance (on tentacle)
   (You found it on level 8 of the Dungeon)
Talismans
 B - a beast talisman
   (You found it on level 4 of the Dungeon)
Wands
 i - a wand of charming (6)
   (You took it off Maurice on level 9 of the Dungeon)
Scrolls
 h - a scroll of amnesia
 j - a scroll of enchant weapon
 n - a scroll of noise
 s - a scroll of fog
 y - a scroll of revelation
 z - a scroll of blinking
Potions
 a - 3 potions of magic
 b - a potion of enlightenment
 e - 2 potions of mutation
 p - a potion of might {unknown}
 q - 3 potions of brilliance
 u - a potion of haste {unknown}
 x - a potion of lignification {unknown}
 A - a potion of curing {unknown}


   Skills:
 + Level 5.2 Fighting
 - Level 2.0 Dodging
 - Level 2.6 Stealth
 * Level 8.4 Spellcasting
 - Level 1.0 Conjurations
 + Level 3.1 Summonings
 - Level 3.0 Translocations
 - Level 4.0 Fire Magic
 - Level 12.0 Alchemy
 - Level 4.0 Invocations


You had 11 spell levels left.
You knew the following spells:

 Your Spells              Type           Power      Damage    Failure   Level
a - Sting                 Conj/Alch      100%       1d9       1%          1
b - Olgreb's Toxic Radia  Alch           60%        N/A       1%          4
c - Sticky Flame          Fire/Alch      46%        2d9       2%          4
d - Eringya's Noxious Bo  Alch           30%        4d6       8%          6

Your spell library contained the following spells:

 Spells                   Type           Power      Damage    Failure   Level
 Mercury Vapours          Alch/Air       74%        N/A       1%          2
 Mephitic Cloud           Conj/Alch/Air  29%        N/A       3%          3
 Shock                    Conj/Air       48%        1d6       5%          1
 Swiftness                Air            9%         N/A       21%         3
 Summon Forest            Summ/Tloc      11%        N/A       45%         5
 Airstrike                Air            4%         2d(1-17)  54%         4
 Summon Hydra             Summ           12%        N/A       100%        7


Dungeon Overview and Level Annotations

Branches:
Dungeon (9/15)             Temple (1/1) D:5            Lair (0/5) D:9
    Orc (1/2) D:9

Altars:
Ashenzari
Cheibriados
Fedhas
Gozag
Hepliaklqana
Nemelex Xobeh
Qazlal
Ru
Sif Muna
Trog
Uskayaw
Vehumet
Wu Jian
Xom
Yredelemnul
Zin
The Shining One

Annotations:
D:5 1 runed translucent door, Menkaure; Sapher's ghost, weakling SpDe
D:7 exclusion: cyclops
D:8 1 runed translucent door, Dirtsage's ghost, novice OpSh


Innate Abilities, Weirdness & Mutations

You cannot wear most types of armour.
You are amphibious.
You can wear up to eight rings at the same time.
Your skin changes colour to match your surroundings (Stealth+).
Your rubbery body absorbs attacks. (AC +1, EV +1)
((You are camouflaged when in or above water. (Stealth+)))
You have tentacles for arms and can constrict up to eight enemies at once.


Message History

Found a stone staircase leading down.
There is a staircase back to the Dungeon here.
Casting: Olgreb's Toxic Radiance (mildly dangerous; 1% risk of failure)
Confirm with . or Enter, or press ? or * to list all spells.
Floosh!
You fall into the toxic bog.
You spew toxic sludge!
The orc priest shouts!
The orc wizard shouts!
The orc warrior shouts!
The orc priest festers in the toxic bog!
The orc priest looks as sick as possible!
Unknown command.
Casting: Eringya's Noxious Bog (quite dangerous; 8% risk of failure)
Confirm with . or Enter, or press ? or * to list all spells.
You begin to radiate toxic energy.
The kobold blastminer shouts!
The kobold blastminer is poisoned.
The orc warrior is poisoned.
The orc wizard is poisoned.
The orc warrior looks even sicker.
You kill the orc priest!
Sif Muna accepts your kill.
The kobold blastminer wields a +0 arbalest.
The kobold blastminer shoots a bolt.
The bolt hits you!
Training target 3.0 for Translocations reached!
Your Translocations skill increases to level 3!
Found 28 gold pieces.
The kobold blastminer looks even sicker.
Your toxic aura wanes.
The orc wizard festers in the toxic bog!
The orc wizard looks as sick as possible!
You kill the orc wizard!
Sif Muna accepts your kill.
An orc comes into view. It is wielding a +0 dagger.
A kobold blastminer comes into view.
Unknown command.
Found 18 gold pieces.
Your noxious spew wanes.
The orc shouts!
The kobold blastminer shoots a bolt.
The bolt hits you!
Unknown command.
The kobold blastminer shoots a bolt.
The bolt hits you!
An ogre comes into view. It is wielding a +0 giant club.
You hear a shout!
The ogre shouts!
Casting: Olgreb's Toxic Radiance (mildly dangerous; 1% risk of failure)
Confirm with . or Enter, or press ? or * to list all spells.
Floosh!
You fall into the toxic bog.
You spew toxic sludge!
The kobold blastminer shoots a bolt.
The bolt closely misses you.
The orc warrior festers in the toxic bog!
The orc warrior looks as sick as possible!
The orc warrior hits you from afar with a +0 glaive!!
Unknown command.
The kobold blastminer shoots a bolt.
The bolt barely misses you.
The orc warrior festers in the toxic bog!!
The orc warrior looks as sick as possible!
You kill the orc warrior!
Sif Muna accepts your kill.
The kobold blastminer wields a +2 hand cannon of freezing.
It is covered in frost.
The kobold blastminer shoots a bolt.
The bolt misses you.
Unknown command.
The orc festers in the toxic bog!
The orc looks as sick as possible!
You kill the orc!
Sif Muna accepts your kill.
Unknown command.
The kobold blastminer shoots a bolt.
The bolt hits you.
Unknown command.
Your noxious spew wanes.
Okay, then.
As you read the scroll labelled GOARPH LOODWYRCH, it crumbles to dust.
It is a scroll of enchant weapon.
Your +0 short sword of distortion glows red for a moment.
Unknown command.
As you read the scroll labelled UPRO REJAN, it dissolves into smoke.
It was a scroll of fog.
Unknown command.
Unknown command.
Okay, then.
Unknown command.
The kobold blastminer looks more healthy.
Unknown command.
Unknown command.
Casting: Eringya's Noxious Bog (quite dangerous; 8% risk of failure)
Confirm with . or Enter, or press ? or * to list all spells.
You spew toxic sludge!
Unknown command.
As you read the scroll of teleportation, it crumbles to dust.
You feel strangely unstable.
Unknown command.
The ogre attacks as it pursues you! The ogre barely misses you.
Casting: Eringya's Noxious Bog (quite dangerous; 8% risk of failure)
Confirm with . or Enter, or press ? or * to list all spells.
Aiming: Sting (safe; 1% risk of failure)
Press: ? - help, Shift-Dir - straight line, f - ogre
Aim: an ogre, wielding a +0 giant club (blue smoke, 89% to hit)
The sting hits the ogre.
The ogre is poisoned.
The ogre is lightly wounded.
The kobold blastminer shoots a bolt.
The bolt hits you!!
* * * LOW HITPOINT WARNING * * *
The bolt freezes you.
* * * LOW HITPOINT WARNING * * *
The ogre hits you with a +0 giant club!
You die...

#....## #......#
#..#..###
###......#...
##@##.........####
#§O§#.....#.##.#.##
##§§K......##.....#
##§§§§..)...#....#.
##.§§§§..)..........
#......O....).......
#...#......).......#.
#..#.$....K.><.......
#....#......K.........


You could see a kobold blastminer and an ogre (poisoned).

Vanquished Creatures
  A two-headed ogre (D:8)
  Maurice (D:9)
  A kobold demonologist (D:8)
  Psyche (D:9)
  A troll (D:9)
  Grinder (D:5)
  A hornet (D:8)
  3 wyverns
  A shadow (D:8)
  3 steam dragons (D:8)
  An acid dragon (D:9)
  2 water moccasins
  An ice beast (D:6)
  7 orc warriors
  A black bear (D:6)
  2 sky beasts
  An ogre (D:6)
  2 centaurs (D:8)
  4 bullfrogs
  A kobold brigand (D:8)
  4 scorpions
  2 wights
  14 killer bees
  A howler monkey (D:7)
  2 bombardier beetles
  6 hounds
  A jelly (D:6)
  5 orc priests
  A sleepcap (D:8)
  2 iguanas (D:5)
  7 orc wizards
  4 adders
  A white imp (D:6)
  5 ufetubi (D:6)
  2 ribbon worms
  6 dart slugs
  38 orcs
  4 ball pythons
  4 endoplasms
  3 giant cockroaches
  6 goblins
  5 hobgoblins
  2 jackals (D:2)
  2 quokkas
  2 bats (D:1)
  3 frilled lizards
  2 kobolds (D:4)
  A rat (D:1)
171 creatures vanquished.

Notes
Turn   | Place    | Note
-------+----------+-------------------------------------------
     0 | D:1      | Flugslaktarn the Octopode Alchemist began the quest for the
                  | Orb.
     0 | D:1      | Reached XP level 1. HP: 11/11 MP: 3/3
    44 | D:1      | Reached XP level 2. HP: 17/17 MP: 0/5
   146 | D:2      | Reached skill level 4 in Alchemy
   163 | D:2      | Reached XP level 3. HP: 7/21 MP: 0/6
   439 | D:3      | Found a basalt altar of Yredelemnul.
   442 | D:3      | Found an ornate altar of the Wu Jian Council.
   445 | D:3      | Found a stormy altar of Qazlal.
   448 | D:3      | Found a sparkling altar of Nemelex Xobeh.
   502 | D:3      | Found an opulent altar of Gozag.
   560 | D:3      | Reached skill level 5 in Alchemy
   560 | D:3      | Reached XP level 4. HP: 20/27 MP: 4/8
   847 | D:3      | Found a hazy altar of Hepliaklqana.
   989 | D:4      | Noticed a scorpion
   999 | D:4      | Learned a level 4 spell: Olgreb's Toxic Radiance
  1004 | D:4      | Killed a scorpion
  1005 | D:4      | Reached XP level 5. HP: 31/31 MP: 4/10
  1128 | D:4      | Reached skill level 6 in Alchemy
  1185 | D:4      | Reached XP level 6. HP: 36/36 MP: 11/11
  1291 | D:5      | Entered Level 5 of the Dungeon
  1640 | D:5      | Identified the +1 whip of Poiteizi {freeze, rElec Will++
                  | Int+2 Dex+4}
  1691 | D:5      | Found a runed translucent door.
  1692 | D:5      | Noticed Sapher's ghost (weakling SpDe)
  1710 | D:5      | Reached skill level 7 in Alchemy
  1721 | D:5      | Learned a level 4 spell: Sticky Flame
  1733 | D:5      | Reached XP level 7. HP: 41/41 MP: 13/13
  1746 | D:5      | Reached skill level 1 in Fire Magic
  1754 | D:5      | Noticed Menkaure
  1790 | D:5      | Found a staircase to the Ecumenical Temple.
  1799 | Temple   | Entered the Ecumenical Temple
  1807 | Temple   | Became a worshipper of Sif Muna the Loreminder
  1842 | D:5      | Noticed Grinder
  1879 | D:5      | Killed Grinder
  1880 | D:5      | Reached skill level 8 in Alchemy
  1926 | D:5      | Reached XP level 8. HP: 25/46 MP: 14/15
  2117 | D:6      | Reached skill level 5 in Spellcasting
  2227 | D:6      | Reached skill level 9 in Alchemy
  2335 | D:6      | Found a sacrificial altar of Ru.
  2380 | D:6      | Found a radiant altar of Vehumet.
  2438 | D:7      | Reached XP level 9. HP: 11/51 MP: 9/17
  2529 | D:7      | Learned a level 6 spell: Eringya's Noxious Bog
  2787 | D:6      | Reached * piety under Sif Muna
  2965 | D:7      | Noticed a cyclops
  3000 | D:7      | Reached skill level 1 in Fighting
  3000 | D:7      | Reached skill level 10 in Alchemy
  3000 | D:7      | Reached skill level 1 in Invocations
  3037 | D:8      | Noticed a two-headed ogre
  3061 | D:8      | Killed a two-headed ogre
  3078 | D:8      | Reached skill level 11 in Alchemy
  3095 | D:8      | Noticed a hornet
  3098 | D:8      | Killed a hornet
  3108 | D:8      | Reached XP level 10. HP: 63/63 MP: 4/20
  3137 | D:8      | Noticed a gargoyle
  3205 | D:8      | Noticed a kobold demonologist
  3210 | D:8      | Killed a kobold demonologist
  3402 | D:8      | Noticed Dirtsage's ghost (novice OpSh)
  3407 | D:8      | Found a runed translucent door.
  3514 | D:8      | Reached ** piety under Sif Muna
  3681 | D:9      | Found a hide-covered altar of Uskayaw.
  3689 | D:9      | Reached skill level 1 in Summonings
  3691 | D:9      | Reached skill level 1 in Translocations
  3694 | D:9      | Reached skill level 12 in Alchemy
  3726 | D:9      | Found a staircase to the Lair.
  3947 | D:9      | Found a staircase to the Orcish Mines.
  3951 | D:9      | Noticed Maurice
  3993 | D:9      | Maurice stole a beast talisman
  3994 | D:9      | Killed Maurice
  4168 | D:9      | Reached skill level 5 in Fighting
  4230 | D:9      | Reached *** piety under Sif Muna
  4302 | D:9      | Noticed Psyche
  4305 | D:9      | Killed Psyche
  4306 | D:9      | Reached XP level 11. HP: 69/71 MP: 17/23
  4368 | Orc:1    | Entered Level 1 of the Orcish Mines
  4390 | Orc:1    | HP: 3/72 [kobold blastminer/bolt (6)]
  4390 | Orc:1    | Mangled by an ogre

Illustrated notes

Levels and vault maps discovered:
D:1:      hellmonk_arrival_library, layout_loops_ring, st_stairs_8
D:2:      layout_basic, basic_altar, uniq_sigmund
D:3:      layout_loops_cross, overflow_temple_1_default,
          grunt_temple_overflow_cloverleaf, mainiacjoe_overflow_24_doors,
          mainiacjoe_overflow_divided_tiny, kennysheep_potato
D:4:      layout_cave_pods, reono_crystal_passage, serial_bayou_pond_a,
          minmay_door_square
D:5:      layout_cave_pools, minmay_temple_entry_stoned_glass,
          ebering_ghost_reflecting_pool, uniq_grinder, uniq_menkaure
D:6:      minmay_inner_zag, layout_loops_corners, fiery_altar_vehumet,
          lemuel_tele_altar, serial_rivers, chequers_serial_rivers_micro_b,
          chequers_serial_rivers_micro_e, chequers_serial_rivers_micro_c,
          chequers_serial_rivers_micro_a, chequers_serial_rivers_large_a,
          chequers_serial_rivers_room_b
D:7:      layout_basic, grunt_decor_mini_mirrors, kennysheep_minor_cross
D:8:      minmay_bloctagon, layout_basic, hellmonk_ghost_happy_afterlife
D:9:      layout_rooms, mainiacjoe_overflow_alcove_2,
          eat_drink_and_be_merry_uskayaw, dpeg_oklobed_lair,
          minmay_orc_entry_temple_small, uniq_maurice, uniq_psyche
Temple:   nicolae_temple_colour_theory
Orc:1:    layout_caves, basic_altar, uniq_erolcha

Skill      XL: |  1  2  3  4  5  6  7  8  9 10 11 |
---------------+----------------------------------+-----
Alchemy        | 4 5 6 7 8 9 11 12 | 12.0
Spellcasting   | 3 4 5 6 8 |  8.4
Fire Magic     | 2 4 |  4.0
Fighting       | 3 5 |  5.2
Invocations    | 3 4 |  4.0
Summonings     | 3 |  3.1
Translocations | 2 3 |  3.0
Dodging        | |  2.0
Stealth        | |  2.6
Conjurations   | |  1.0

Action                     |  1- 3 |  4- 6 |  7- 9 | 10-12 || total
---------------------------+-------+-------+-------+-------++-------
  Melee: Unarmed           |     6 |       |       |       ||     6
         Tentacles         |     6 |     1 |    10 |     8 ||    25
         Dagger            |    22 |    17 |       |       ||    39
         Constrict         |     7 |     7 |     7 |    15 ||    36
         Whip              |       |     6 |    23 |    34 ||    63
         Punch             |       |       |     1 |       ||     1
   Cast: Sting             |    28 |    46 |    27 |    30 ||   131
         Olgreb's Toxic Ra |       |     6 |    19 |    27 ||    52
         Sticky Flame      |       |       |    14 |    16 ||    30
         Eringya's Noxious |       |       |       |     5 ||     5
    Use: Scroll            |     1 |     5 |     2 |     6 ||    14
         Potion            |       |     1 |       |     3 ||     4
   Stab: Sleeping          |     2 |       |     1 |       ||     3
 Armour: Skin              |    13 |    19 |    36 |    60 ||   128
  Dodge: Dodged            |    12 |    28 |    29 |    45 ||   114

Table legend: (Time is in decaauts)
 A = Elapsed time spent in this place.
 B = Non-inter-level travel time spent in this place.
 C = Inter-level travel time spent in this place.
 D = Time resting spent in this place.
 E = Time spent auto-exploring this place.
 F = Levels seen in this place.
 G = Mean time per level.
                   A        B        C        D        E       F      G
               +--------+--------+--------+--------+--------+-----+--------+
         Total |   4392 |   4188 |    204 |    342 |   1946 |  11 |  399.3 |
       Dungeon |   4354 |   4150 |    204 |    342 |   1946 |   9 |  483.8 |
        Temple |     16 |     16 |      0 |      0 |      0 |   1 |   16.0 |
  Orcish Mines |     21 |     21 |      0 |      0 |      0 |   1 |   21.0 |
               +--------+--------+--------+--------+--------+-----+--------+

Top non-repeatable levels by time:
     D:8: 798 daAuts
     D:6: 658 daAuts
     D:4: 572 daAuts
     D:9: 552 daAuts
     D:3: 529 daAuts
     D:7: 433 daAuts
     D:5: 351 daAuts
     D:1: 230 daAuts
     D:2: 227 daAuts
   Orc:1: 21 daAuts
  Temple: 16 daAuts
